 Dungeon Crawl Stone Soup version 0.26.1-11-gd32895ea62 (webtiles) character file.

Game seed: 1624897991931095929

2100 Zeld the Slicer (level 9, -3/54 HPs)
             Began as an Octopode Brigand on May 14, 2021.
             Was a Believer of Fedhas.
             Killed by nerve-wracking pain
             ... invoked by an orc priest
              (10 damage)
             ... on level 8 of the Dungeon.
             The game lasted 00:16:42 (11231 turns).

Zeld the Slicer (Octopode Brigand)                 Turns: 11231, Time: 00:16:43

Health: -3/54      AC:  3    Str: 13    XL:     9   Next: 28%
Magic:  18/18      EV: 13    Int: 14    God:    Fedhas [**....]
Gold:   56         SH:  0    Dex: 13    Spells: 20/20 levels left

rFire    . . .     SeeInvis .   a - +2 dagger
rCold    . . .     Faith    .   (no shield)
rNeg     . . .     Spirit   .   r - +2 hat
rPois    .         Reflect  .   (no amulet)
rElec    .         Harm     .   (no ring)
rCorr    .         Rampage  .   (no ring)
Will     .....                  (no ring)
Stlth    ++++......             (no ring)
HPRegen  0.18/turn              (no ring)
MPRegen  0.16/turn              (no ring)
                                (no ring)
                                (no ring)

@: about to teleport
A: almost no armour, stealthy swim, amphibious, 8 rings, constrict 8, camouflage
1, gelatinous body 1
a: Renounce Religion, Wall of Briars


You were on level 8 of the Dungeon.
You worshipped Fedhas.
Fedhas was pleased with you.
You visited 2 branches of the dungeon, and saw 9 of its levels.

You collected 354 gold pieces.
You spent 298 gold pieces at shops.

Inventory:

Hand Weapons
 a - a +2 dagger (weapon)
 w - a +0 dagger of electrocution
Missiles
 b - 6 poisoned darts (quivered)
 c - a curare-tipped dart
Armour
 r - a +2 hat (worn)
Jewellery
 f - an uncursed ring of resist corrosion {unknown}
 h - a cursed amulet of inaccuracy {unknown}
Wands
 i - a wand of flame (19)
 l - a wand of enslavement (14)
 t - a wand of random effects (42)
 y - a wand of iceblast (10)
 A - a wand of paralysis (11)
 B - a wand of polymorph (5)
Scrolls
 m - 2 scrolls of magic mapping
 q - 3 scrolls of amnesia
 s - a scroll of remove curse {unknown}
 v - a scroll of teleportation
 E - 3 scrolls of enchant armour
Potions
 d - 2 potions of heal wounds {unknown}
 e - a potion of mutation {unknown}
 g - 2 potions of invisibility {unknown}
 j - 5 potions of brilliance {unknown}
 k - 3 potions of might {unknown}
 n - 3 potions of resistance {unknown}
 u - a potion of attraction {unknown}
 x - 3 potions of ambrosia {unknown}
 z - a potion of degeneration {unknown}
 C - a potion of magic {unknown}
 D - a potion of flight {unknown}
 F - a potion of haste {unknown}


   Skills:
 - Level 2.0 Fighting
 - Level 10.0 Short Blades
 - Level 2.0 Throwing
 - Level 1.0 Dodging
 - Level 5.3 Stealth
 + Level 6.1 Spellcasting


You had 20 spell levels left.
You didn't know any spells.
Your spell library contained the following spells:

 Spells                   Type           Power        Failure   Level
 Summon Small Mammal      Summ           16%          16%         1
 Call Imp                 Summ           4%           24%         2
 Corpse Rot               Necr/Air       N/A          24%         2
 Call Canine Familiar     Summ           4%           43%         3
 Stone Arrow              Conj/Erth      8%           43%         3
 Summon Guardian Golem    Hex/Summ       4%           43%         3
 Cause Fear               Hex            2%           83%         4
 Summon Ice Beast         Ice/Summ       4%           83%         4
 Summon Lightning Spire   Summ/Air       4%           83%         4
 Silence                  Hex/Air        2%           99%         5
 Summon Forest            Summ/Tloc      2%           99%         5
 Yara's Violent Unravell  Hex/Tmut       2%           99%         5
 Eringya's Noxious Bog    Tmut/Pois      2%           100%        6
 Hydra Form               Tmut           2%           100%        6
 Summon Hydra             Summ           2%           100%        7
 Discord                  Hex            2%           100%        8


Dungeon Overview and Level Annotations

Branches:
Dungeon (8/15)             Temple (1/1) D:5            Lair (0/6) D:8

Altars:
Ashenzari
Cheibriados
Dithmenos
Elyvilon
Fedhas
Gozag
Hepliaklqana
Kikubaaqudgha
Makhleb
Nemelex Xobeh
Qazlal
Ru
Sif Muna
Trog
Uskayaw
Vehumet
Wu Jian
Xom
Yredelemnul
Zin
The Shining One
Beogh

Shops:
D:6 }

Annotations:
D:6 3 runed translucent doors, phalm's ghost, novice DECj
D:8 Gastronok; Harold


Innate Abilities, Weirdness & Mutations

You cannot wear most types of armour.
You are very stealthy in the water. (Stealth+)
You are amphibious.
You can wear up to eight rings at the same time.
You can use your tentacles to constrict eight enemies at once.
Your skin changes colour to match your surroundings (Stealth+).
Your rubbery body absorbs attacks. (AC +1, EV +1)


Message History

Beogh smites you!
* * * LOW HITPOINT WARNING * * *
The orc priest casts a cantrip, but nothing happens.
The howler monkey hoots and howls with incredible vigour!
The orc priest looks encouraged for a moment.
The warg howls!
You hear a shout! x3; You hear an angry hiss.
You hear a bark! x2
You hear a shout! x7
An orc priest and a howler monkey come into view.
An orc comes into view. It is wielding a +0 club.
An orc comes into view. It is wielding a +0 trident.
The orc priest miscasts a cantrip.
The sky beast flickers out of sight!
Deactivating autopickup; reactivate with Ctrl-A.
A hound comes into view.
As you read the scroll of teleportation, it crumbles to dust.
You feel strangely unstable.
The orc priest mumbles some strange prayers to Beogh against you.
Pain shoots through your body!
You die...
Fedhas appreciates your contribution to the ecosystem.

..).## #g≈.≈g#.#
..†.# ....# .)..##
###..# ##.# #.##
#..# ########## ##.#
###...o@..o#
#.####...o.####.oho.
#.##.........## ##.
#.#.......h...#
#...............#
#.......>.......#
##.............'#
##...........#...
##.........##..#


You could see a howler monkey, 2 orc priests and 3 orcs.

Vanquished Creatures
  Maggie (D:6)
  2 orc warriors
  4 ogres
  A centaur (D:8)
  3 big kobolds
  2 bullfrogs
  A water moccasin zombie (D:7)
  2 centaur zombies (D:5)
  A jelly (D:7)
  2 hounds
  5 orc wizards
  2 bullfrog skeletons
  An orc priest (D:8)
  A centaur skeleton (D:8)
  5 worker ants
  A hound zombie (D:8)
  A hound skeleton (D:7)
  A worker ant zombie (D:7)
  8 adders
  2 ufetubi
  An ooze (D:1)
  5 worms
  A dart slug (D:1)
  3 leopard geckos
  30 orcs
  3 bat zombies (D:5)
  6 giant cockroaches
  9 goblins
  12 hobgoblins
  8 jackals
  5 quokkas
  11 bats
  8 frilled lizards
  27 kobolds
  2 leopard gecko skeletons
  A quokka zombie (D:6)
  9 rats
  A rat zombie (D:5)
188 creatures vanquished.

Vanquished Creatures (others)
  2 plants (D:8)
2 creatures vanquished.

Grand Total: 190 creatures vanquished

Notes
Turn   | Place    | Note
-------+----------+-------------------------------------------
     0 | D:1      | Zeld the Octopode Brigand began the quest for the Orb.
     0 | D:1      | Reached XP level 1. HP: 14/14 MP: 1/1
   236 | D:1      | Reached XP level 2. HP: 19/19 MP: 2/2
   428 | D:1      | Reached skill level 1 in Spellcasting
   547 | D:1      | Reached skill level 3 in Short Blades
   569 | D:1      | Reached XP level 3. HP: 21/24 MP: 4/4
   805 | D:2      | Found a broken altar of Ashenzari.
   963 | D:2      | Found a glowing golden altar of the Shining One.
  1146 | D:2      | Found a shimmering altar of Xom.
  1156 | D:2      | Reached XP level 4. HP: 29/29 MP: 6/6
  1663 | D:3      | Found a hazy altar of Hepliaklqana.
  1730 | D:3      | Reached skill level 4 in Short Blades
  1744 | D:3      | Found a radiant altar of Vehumet.
  1828 | D:3      | Found a shadowy altar of Dithmenos.
  2414 | D:3      | Reached XP level 5. HP: 29/34 MP: 8/8
  2583 | D:2      | HP: 1/34 [orc/+0 club (2)]
  3015 | D:3      | Found a hide-covered altar of Uskayaw.
  3164 | D:3      | Identified the +5 ring mail "Wimud" {rCorr}
  3164 | D:3      | Noticed a big kobold
  3561 | D:3      | Killed a big kobold
  3562 | D:3      | Reached skill level 5 in Short Blades
  3863 | D:4      | Reached XP level 6. HP: 36/39 MP: 8/10
  3936 | D:4      | Found a transporter.
  3940 | D:4      | Found a transporter.
  3946 | D:4      | Found a snail-covered altar of Cheibriados.
  5608 | D:4      | Reached skill level 6 in Short Blades
  5865 | D:4      | Reached XP level 7. HP: 34/45 MP: 12/12
  5998 | D:5      | Entered Level 5 of the Dungeon
  6249 | D:5      | Found a staircase to the Ecumenical Temple.
  6274 | Temple   | Entered the Ecumenical Temple
  6281 | Temple   | Became a worshipper of Fedhas Madash
  6649 | D:5      | Reached skill level 7 in Short Blades
  6882 | D:5      | Found a white marble altar of Elyvilon.
  7006 | D:5      | Found an ancient bone altar of Kikubaaqudgha.
  7097 | D:5      | Found a shimmering blue altar of Sif Muna.
  7152 | D:6      | Found Zin's Purification Station.
  7153 | D:6      | Found a glowing silver altar of Zin.
  7153 | D:6      | Noticed Maggie
  7160 | D:6      | Killed Maggie
  7161 | D:6      | Reached skill level 8 in Short Blades
  7161 | D:6      | Reached XP level 8. HP: 39/50 MP: 13/15
  7168 | D:6      | Bought a potion of curing for 90 gold pieces
  7249 | D:6      | Found a runed translucent gate.
  7251 | D:6      | Found a runed translucent gate.
  7251 | D:6      | Found a runed translucent gate.
  7252 | D:6      | Noticed phalm's ghost (novice DECj)
  7253 | D:6      | Identified the +3 chain mail "Virifom" {+Fly rC+ Dex+3}
  7258 | D:6      | Found a roughly hewn altar of Beogh.
  7811 | D:6      | Found Gywkomi's Gadget Emporium.
  7816 | D:6      | Bought a wand of polymorph (5) for 91 gold pieces
  7816 | D:6      | Bought a wand of enslavement (7) for 117 gold pieces
  7887 | D:6      | Reached skill level 5 in Spellcasting
  8328 | D:7      | Reached * piety under Fedhas
  9178 | D:7      | Reached skill level 9 in Short Blades
  9466 | D:7      | Reached XP level 9. HP: 52/54 MP: 17/17
  9874 | D:8      | Found a sparkling altar of Nemelex Xobeh.
  9881 | D:8      | Noticed Gastronok
 10349 | D:8      | Reached ** piety under Fedhas
 10356 | D:8      | Noticed a two-headed ogre
 11126 | D:8      | Noticed Harold
 11145 | D:8      | Reached skill level 10 in Short Blades
 11218 | D:8      | Found a staircase to the Lair.
 11231 | D:8      | Killed from afar by an orc priest

Illustrated notes

Levels and vault maps discovered:
D:1:      wheals_arrival_shading, layout_basic
D:2:      layout_basic, ashenzari_altar_1, nicolae_tso_swordbearing_angel,
          nicolae_overflow_hidden_temple, minmay_pentomino_p4
D:3:      cheibrodos_thug_alley, layout_basic, nzn_hepliaklqana_mist_gate,
          lemuel_crystal_altar, lemuel_coloured_pillars_altar,
          corexii_corridor_pit, grunt_dithmenos_smoke
D:4:      layout_loops_corners, gammafunk_temple_overflow_arena
D:5:      layout_cave_pools, elyvilon_altar_3, lemuel_blue_sif_altar,
          lemuel_zombie_altar_kikubaaqudgha, minmay_temple_entry_wispy
D:6:      layout_loops_ring, zin_purify, serial_shops, kennysheep_little_box,
          biasface_ghost_orc_armoury, uniq_maggie
D:7:      layout_rooms
D:8:      layout_basic, kennysheep_okawaru_gauntlet, kennysheep_mini,
          erik_lair_orcish_takeover, gammafunk_ghost_grave, uniq_harold,
          uniq_gastronok, uniq_maurice
Temple:   compressed_dpeg_triangle_lava_temple

Skill      XL: |  1  2  3  4  5  6  7  8  9 |
---------------+----------------------------+-----
Spellcasting   | 1 2 3 4 5 6 |  6.1
Short Blades   | 3 4 5 6 8 9 10 | 10.0
Fighting       | |  2.0
Throwing       | |  2.0
Dodging        | |  1.0
Stealth        | |  5.3

Action                   |  1- 3 |  4- 6 |  7- 9 || total
-------------------------+-------+-------+-------++-------
Melee: Dagger            |    73 |   183 |   232 ||   488
       Constrict         |    15 |    45 |    40 ||   100
       Tentacles         |     7 |    37 |    54 ||    98
Throw: Dart              |       |    19 |    47 ||    66
  Use: Scroll            |       |     7 |     7 ||    14
       Potion            |       |       |     4 ||     4
 Stab: Sleeping          |    10 |    19 |    15 ||    44
       Distracted        |     1 |       |     2 ||     3
Armor: Skin              |     9 |     4 |    20 ||    33
Dodge: Dodged            |    41 |    75 |    98 ||   214
